 Dungeon Crawl Stone Soup version 0.26-a0-546-g3c2127501a (webtiles) character file.

Game seed: 10455652712874774868

118839 Ge0ff the Slicer (level 16, -6/134 HPs)
             Began as a Black Draconian Brigand on Aug 19, 2020.
             Was a High Priest of Uskayaw.
             Hit by a boomerang of dispersal thrown by a merfolk (13 damage)
             ... on level 3 of the Shoals on Aug 20, 2020.
             The game lasted 01:40:42 (33009 turns).

Ge0ff the Slicer (Black Draconian Brigand)         Turns: 33009, Time: 01:40:43

Health: -6/134     AC: 16    Str: 16    XL:     16   Next: 26%
Magic:  23/27      EV: 13    Int: 22    God:    Uskayaw [*****.]
Gold:   499        SH:  8    Dex: 17    Spells: 10/29 levels left

rFire    + . .     SeeInvis +   a - +8 quick blade (elec)
rCold    . . .     Faith    .   s - +2 buckler
rNeg     + + +     Spirit   .   (armour unavailable)
rPois    +         Reflect  .   Q - +2 hat {SInv}
rElec    +         Harm     .   G - +1 cloak
rCorr    .                      X - +2 pair of gloves
MR       ++...                  (no boots)
Stlth    ++++++....             Y - amulet of regeneration
HPRegen  0.72/turn              z - ring of the Jolly Dances {rF+ MR+ Int+4, =R}
MPRegen  0.20/turn              u - ring "Nifade" {rPois rN+++ Int+6 Stlth+}

@: marked, very slightly contaminated, invisible
A: breathe lightning, unfitting armour, big wings, electricity resistance,
cold-blooded, AC +9
a: Breathe Lightning, Fly, Stomp, Line Pass, Grand Finale, Renounce Religion


You were on level 3 of the Shoals.
You worshipped Uskayaw.
Uskayaw was aware of your devotion.
You visited 5 branches of the dungeon, and saw 27 of its levels.
You also visited: Ossuary.

You collected 4294 gold pieces.
You spent 3795 gold pieces at shops.

Inventory:

Hand Weapons
 a - a +8 quick blade of electrocution (weapon)
 b - a +6 vampiric rapier
 h - a +2 scimitar of flaming
 k - a +3 scimitar of freezing
Missiles
 v - 2 curare-tipped darts {=f}
 w - 61 poisoned darts
 y - 23 javelins
 A - 6 silver javelins
 M - 3 atropa-tipped darts
 S - 24 boomerangs (quivered)
Armour
 g - a +2 kite shield of fire resistance
 s - a +2 buckler (worn)
 G - a +1 cloak (worn)
 Q - a +2 hat of see invisible (worn)
 X - a +2 pair of gloves (worn)
Jewellery
 u - the ring "Nifade" (right hand) {rPois rN+++ Int+6 Stlth+}
   (You bought it in a shop on level 2 of the Orcish Mines)

   [ring of intelligence]

   It affects your intelligence (+6).
   It protects you from poison.
   It renders you almost immune to negative energy.
   It makes you more stealthy.
 z - the ring of the Jolly Dances (left hand) {rF+ MR+ Int+4, =R}
   (You bought it in a shop on level 5 of the Dungeon)

   [ring of protection from magic]

   It affects your intelligence (+4).
   It protects you from fire.
   It affects your resistance to hostile enchantments.
 I - an uncursed ring of ice
 J - a +4 ring of protection
 Y - an amulet of regeneration (around neck)
Wands
 d - a wand of digging (10)
 e - a wand of enslavement (5)
 f - a wand of flame (24)
 j - a wand of acid (13)
 p - a wand of paralysis (4)
 P - a wand of polymorph (12)
Scrolls
 i - 2 scrolls of identify
 m - 6 scrolls of magic mapping
 C - 9 scrolls of remove curse
 E - 2 scrolls of fear
 F - a scroll of fog
 T - 10 scrolls of teleportation
 V - a scroll of vulnerability
Potions
 o - a potion of ambrosia
 q - 5 potions of curing
 D - 4 potions of stabbing
 H - 4 potions of haste {!q}
 K - a potion of magic {!q}
 L - 4 potions of lignification
 N - 2 potions of cancellation {!q}
 R - a potion of resistance
 W - 14 potions of heal wounds {!q}
 Z - 3 potions of might
Miscellaneous
 c - a condenser vane (inert)
 t - a tin of tremorstones (1/3)
 O - a box of beasts (3/3)
 U - a phantom mirror


   Skills:
 + Level 10.2 Fighting
 - Level 14.0 Short Blades
 - Level 1.7 Throwing
 - Level 3.0 Dodging
 + Level 10.2 Stealth
 * Level 6.2 Shields
 + Level 7.3 Spellcasting
 + Level 6.8 Conjurations
 + Level 12.1 Hexes
 + Level 6.8 Transmutations
 + Level 1.1 Earth Magic
 + Level 10.2 Invocations
 + Level 8.2 Evocations


You had 10 spell levels left.
You knew the following spells:

 Your Spells              Type           Power        Failure   Level
b - Statue Form           Tmut/Erth      ####.....    94%         6
e - Irradiate             Conj/Tmut      #####.....   13%         5
i - Invisibility          Hex            ######..     9%          6
w - Passwall              Tmut/Erth      ####....     2%          2

Your spell library contained the following spells:

 Spells                   Type           Power        Failure   Level
 Foxfire                  Conj/Fire      ###.         1%          1
 Inner Flame              Hex/Fire       ####....     1%          3
 Conjure Flame            Conj/Fire      ###.....     6%          3
 Animate Skeleton         Necr           #.....       8%          1
 Pain                     Necr           #...         8%          1
 Mephitic Cloud           Conj/Pois/Air  ###.....     10%         3
 Poisonous Vapours        Pois/Air       #.....       12%         2
 Swiftness                Air            #.......     12%         2
 Sticky Flame             Conj/Fire      ###.....     19%         4
 Vampiric Draining        Necr           #.........   24%         3
 Fireball                 Conj/Fire      ###.......   47%         5
 Hydra Form               Tmut           #####.....   58%         6
 Animate Dead             Necr           #.........   61%         4
 Passage of Golubria      Tloc           N/A          61%         4
 Lee's Rapid Deconstruct  Erth           ##........   80%         5
 Agony                    Necr           #.......     91%         5
 Freezing Cloud           Conj/Ice/Air   ###.......   99%         6
 Dragon Form              Tmut           #####.....   99%         7


Dungeon Overview and Level Annotations

Branches:
Dungeon (15/15)            Temple (1/1) D:7            Lair (6/6) D:11
 Shoals (3/4) Lair:2        Snake (0/4) Lair:3        Slime (0/5) Lair:6
    Orc (2/2) D:9             Elf (0/3) Orc:2        Vaults (0/5) D:14
 Depths (0/5) D:15        Ossuary (visited)

Altars:
Ashenzari
Cheibriados
Dithmenos
Elyvilon
Fedhas
Gozag
Hepliaklqana
Kikubaaqudgha
Makhleb
Nemelex Xobeh
Okawaru
Qazlal
Ru
Sif Muna
Trog
Uskayaw
Vehumet
Wu Jian
Xom
Yredelemnul
Zin
The Shining One
Jiyva

Shops:
D:5 =   D:9 *   D:10 (   Orc:2 [**=*(}*   Shoals:1 }

Portals:
Trove: D:10 (give 8 scrolls of fear)

Annotations:
D:10 2 runed translucent doors (art gloves), rasy's ghost, journeyman MiFi
Lair:1 stash
Lair:6 1 runed translucent door


Innate Abilities, Weirdness & Mutations

You can breathe wild blasts of lightning.
Your glossy black scales are hard. (AC +9)
You cannot fit into any form of body armour.
Your large and strong wings let you fly indefinitely.
You are resistant to electric shocks. (rElec)
You are cold-blooded and may be slowed by cold attacks.


Message History

You struggle against the net.
The merfolk siren is no longer sharing its pain.
A harpy comes into view.
The merfolk hits you but does no damage.
The merfolk impaler barely misses you.
A merfolk aquamancer comes into view. It is wielding a +0 rapier.
The merfolk hits you from afar with a +0 trident!!
* * * LOW HITPOINT WARNING * * *
Press: ? - help, Dir - move target cursor
As you read the scroll of blinking, it crumbles to dust.
A merfolk comes into view. It is wielding a +0 trident.
The merfolk impaler is no longer sharing its pain.
A merfolk comes into view. It is wielding a +0 trident.
The merfolk aquamancer gestures at you while chanting.
The shard of ice hits you!!
* * * LOW HITPOINT WARNING * * *
A water elemental comes into view.
The merfolk throws a boomerang of dispersal.
The boomerang of dispersal hits you!
You die...

≈≈≈≈≈≈≈....≈≈.###
≈≈≈≈≈≈≈...≈≈..≈....
≈≈≈≈≈≈≈≈.........≈ .
≈≈≈≈≈(≈≈....m....≈ ≈.
≈≈≈≈≈≈...#....... ...
≈≈≈≈≈..m.m.≈≈..# ....
≈≈≈≈≈.....≈≈..##...≈.
≈≈≈≈≈≈≈@..≈≈.m...≈≈≈≈
≈≈≈≈≈≈≈((...)§)≈≈≈≈≈≈
≈≈≈≈≈≈≈m≈mm..)≈≈≈≈≈≈≈
≈≈≈≈≈≈≈≈≈≈≈m)....≈≈≈≈
≈≈≈≈≈≈≈m≈m≈..##.≈≈≈≈≈
≈≈≈≈≈mm≈E≈≈.## ≈≈≈≈≈≈
≈≈≈≈≈≈≈≈≈≈≈m. ≈≈≈≈≈≈
≈≈≈≈m≈E≈≈..... ≈≈H≈≈
≈≈≈≈≈..≈≈.. ≈≈≈≈≈


You could see a merfolk impaler, a merfolk aquamancer, 10 merfolk, 2 water
elementals and 2 merfolk sirens.

Vanquished Creatures
  Jorgrun (D:11)
  Gastronok (D:8)
  Ilsuiw (Shoals:3)
  2 orc warlords
  Azrael (D:15)
  A dire elephant (Lair:6)
  The ghost of caleiya the Geomancer, a journeyman GrEE of Vehumet (Lair:5)
  2 merfolk javelineers (Shoals:3)
  A merfolk impaler (Shoals:1)
  A yaktaur captain (D:15)
  9 vault guards
  5 hydras
  2 centaur warriors
  3 catoblepae
  Erica (D:8)
  A merfolk avatar (Shoals:1)
  9 two-headed ogres
  A tengu warrior (D:14)
  A satyr (Shoals:2)
  11 death yaks
  A deep troll shaman (Lair:6)
  Urug (Lair:6)
  2 orc high priests (Orc:2)
  2 fire crabs (shapeshifter)
  A fire crab (Lair:5)
  A shadow wraith (D:15)
  5 sea snakes
  A wizard (D:15)
  9 orc knights
  Pikel (D:4)
  A deep elf mage (D:12)
  3 cyclopes
  3 orc sorcerers
  8 fauns
  7 oklob plants
  4 manticores
  18 elephants
  2 centaur zombies
  2 black mambas
  5 merfolk sirens
  A torpor snail (Lair:5)
  Joseph (Lair:1)
  Maggie (D:8)
  8 cane toads
  A gargoyle (D:12)
  10 komodo dragons
  A yaktaur (shapeshifter) (D:14)
  2 kobold demonologists (D:14)
  2 rime drakes
  A yaktaur (D:15)
  2 tengu conjurers
  A hornet (D:10)
  8 trolls
  7 polar bears
  3 merfolk
  14 blink frogs
  Prince Ribbit (D:5)
  3 wind drakes
  12 hippogriffs
  7 slime creatures
  7 dream sheep (Lair:6)
  2 snapping turtles
  A shadow (D:12)
  Sigmund (D:5)
  Eustachio (D:3)
  A vampire (D:13)
  A water elemental (Shoals:2)
  A wraith (D:11)
  2 wyverns
  10 basilisks
  2 fire elementals (D:15)
  38 yaks
  A vampire mosquito (D:12)
  A steam dragon (D:15)
  3 wargs
  An acid dragon (D:11)
  2 hell hounds (D:15)
  4 nagas (Lair:3)
  7 water moccasins
  9 porcupines
  2 black bears (Lair:6)
  4 ice beasts
  40 orc warriors
  3 sky beasts
  8 phantoms
  A necrophage (D:6)
  13 ogres
  4 boggarts (D:14)
  10 wolves
  9 centaurs
  9 crocodiles
  3 elf zombies (Ossuary)
  Blork the orc (D:5)
  3 big kobolds
  20 bullfrogs
  A water moccasin zombie (D:7)
  A wyvern skeleton (D:13)
  12 killer bees
  16 wights
  4 howler monkeys
  9 hounds
  4 quasits
  A bullfrog skeleton (D:10)
  A human zombie (Ossuary)
  18 orc priests
  7 jellies
  18 orc wizards
  A gnoll shaman (D:4)
  3 centaur skeletons
  4 iguanas
  9 worker ants
  A killer bee zombie (D:6)
  A big kobold zombie (Ossuary)
  A hound zombie (Ossuary)
  3 hound skeletons
  4 mummies (Ossuary)
  19 gnolls
  10 adders
  2 shadow imps
  A white imp (D:5)
  2 ufetubi
  3 oozes
  An adder zombie (Ossuary)
  An adder skeleton (D:8)
  5 worms
  A dart slug (D:1)
  4 leopard geckos
  72 orcs
  3 ball pythons
  14 bats
  4 giant cockroaches
  2 gnoll zombies (Ossuary)
  11 hobgoblins
  16 jackals
  24 kobolds
  7 quokkas
  9 frilled lizards
  15 goblins
  A hobgoblin zombie (Ossuary)
  2 jackal zombies
  A kobold zombie (Ossuary)
  6 rats
  2 fungi (Orc:2)
  A plant (Lair:6)
801 creatures vanquished.

Vanquished Creatures (others)
  An unseen horror (D:15)
  A sea snake (Shoals:3)
  An electric eel (D:12)
  13 fungi
  15 plants
31 creatures vanquished.

Grand Total: 832 creatures vanquished

Notes
Turn   | Place    | Note
-------+----------+-------------------------------------------
     0 | D:1      | Ge0ff the Draconian Brigand began the quest for the Orb.
     0 | D:1      | Reached XP level 1. HP: 17/17 MP: 1/1
   188 | D:1      | Reached XP level 2. HP: 26/26 MP: 2/2
   604 | D:1      | Reached XP level 3. HP: 33/33 MP: 3/3
  1035 | D:2      | Reached skill level 1 in Dodging
  1478 | D:2      | Reached XP level 4. HP: 41/41 MP: 4/4
  1766 | D:2      | Reached skill level 5 in Fighting
  2922 | D:3      | Found a blossoming altar of Fedhas.
  2970 | D:3      | Reached XP level 5. HP: 45/48 MP: 5/5
  3185 | D:4      | Reached skill level 3 in Short Blades
  3340 | D:3      | Reached XP level 6. HP: 33/57 MP: 6/6
  4285 | D:4      | Your scales start taking on a glossy black colour.
  4285 | D:4      | Reached XP level 7. HP: 67/67 MP: 7/7
  4285 | D:4      | Gained mutation: You are resistant to electric shocks.
                  | (rElec) [Black Draconian growth]
  4299 | D:4      | Noticed Eustachio
  4447 | D:3      | Killed Eustachio
  4791 | D:4      | Noticed Pikel
  4812 | D:4      | Killed Pikel
  4812 | D:4      | Reached skill level 4 in Short Blades
  4812 | D:4      | Reached skill level 5 in Short Blades
  4812 | D:4      | Reached XP level 8. HP: 37/75 MP: 8/8
  5168 | D:5      | Entered Level 5 of the Dungeon
  5321 | D:5      | Noticed Sigmund
  5362 | D:5      | Killed Sigmund
  5691 | D:5      | Noticed Blork the orc
  5703 | D:5      | Killed Blork the orc
  5703 | D:5      | Reached skill level 6 in Short Blades
  5798 | D:5      | Noticed Prince Ribbit
  5816 | D:5      | Killed Prince Ribbit
  5816 | D:5      | Reached skill level 7 in Short Blades
  6428 | D:5      | Found Patoxeil's Jewellery Emporium.
  6734 | D:5      | Reached skill level 8 in Short Blades
  6772 | D:6      | Reached XP level 9. HP: 76/83 MP: 9/9
  7369 | D:6      | Reached skill level 9 in Short Blades
  8076 | D:7      | Reached skill level 10 in Short Blades
  8448 | D:7      | Reached skill level 1 in Evocations
  8538 | D:7      | Found a staircase to the Ecumenical Temple.
  8553 | Temple   | Entered the Ecumenical Temple
  8750 | Temple   | Became a worshipper of Uskayaw the Reveler
  8825 | D:7      | Reached * piety under Uskayaw
  8914 | D:7      | Reached skill level 1 in Invocations
  8944 | D:7      | Reached ** piety under Uskayaw
  8945 | D:7      | Reached *** piety under Uskayaw
  8951 | D:7      | Reached **** piety under Uskayaw
  9078 | D:7      | Found a blossoming altar of Fedhas.
  9513 | D:8      | Noticed a troll
  9535 | D:8      | Killed a troll
  9540 | D:8      | Reached ***** piety under Uskayaw
  9548 | D:8      | Reached XP level 10. HP: 61/90 MP: 11/11
  9608 | D:8      | Found a sand-covered staircase.
  9640 | Ossuary  | Entered an ossuary
 10013 | D:8      | Noticed Erica
 10019 | D:8      | Killed Erica
 10019 | D:8      | Reached skill level 5 in Stealth
 10028 | D:8      | Noticed Gastronok
 10042 | D:8      | Killed Gastronok
 10042 | D:8      | Reached skill level 10 in Fighting
 10042 | D:8      | Reached skill level 11 in Short Blades
 10042 | D:8      | Reached skill level 5 in Invocations
 10314 | D:8      | Noticed Maggie
 10502 | D:8      | Killed Maggie
 11196 | D:9      | Found Regewurgh's General Store.
 11221 | D:9      | Found a staircase to the Orcish Mines.
 11241 | D:9      | Reached XP level 11. HP: 49/98 MP: 16/16
 11755 | D:10     | Entered Level 10 of the Dungeon
 12143 | D:10     | Found a runed translucent door.
 12147 | D:10     | Noticed a necromancer
 12147 | D:10     | Noticed a deep troll
 12149 | D:10     | Noticed a deep elf knight
 12150 | D:10     | Noticed a skeletal warrior
 12150 | D:10     | Noticed a lich
 12151 | D:10     | Noticed rasy's ghost (journeyman MiFi)
 12153 | D:10     | Found a runed translucent door.
 12768 | D:10     | Found Fiolo's Weapon Shop.
 12774 | D:10     | Reached skill level 12 in Short Blades
 12805 | D:10     | Noticed a vault guard
 12855 | D:10     | Killed a vault guard
 12996 | D:10     | Found a portal to a secret trove of treasure.
 13077 | D:10     | Noticed a two-headed ogre
 13172 | D:10     | Killed a two-headed ogre
 13208 | D:10     | Found a shattered altar of Ashenzari.
 13383 | D:11     | Noticed a two-headed ogre
 13385 | D:11     | Noticed a two-headed ogre
 13404 | D:11     | Killed a two-headed ogre
 13425 | D:11     | Reached skill level 5 in Evocations
 13609 | D:11     | Noticed a two-headed ogre
 13622 | D:11     | Killed a two-headed ogre
 14082 | D:11     | Reached XP level 12. HP: 83/105 MP: 18/18
 14152 | D:11     | Noticed a two-headed ogre
 14165 | D:11     | Killed a two-headed ogre
 14167 | D:11     | Reached skill level 13 in Short Blades
 14213 | D:11     | Found a staircase to the Lair.
 14781 | D:12     | Identified a scroll of acquirement
 14781 | D:12     | Acquired a +5 quick blade
 14971 | D:12     | Noticed a two-headed ogre
 14991 | D:12     | Killed a two-headed ogre
 15135 | D:12     | Noticed a two-headed ogre
 15156 | D:12     | Killed a two-headed ogre
 15164 | D:12     | Reached ****** piety under Uskayaw
 15268 | D:12     | Noticed Jorgrun
 15401 | D:5      | Bought the ring of the Jolly Dances {rF+ MR+ Int+4} for 711
                  | gold pieces
 15842 | D:12     | Reached skill level 1 in Shields
 16036 | D:11     | Killed a two-headed ogre
 16400 | Lair:1   | Entered Level 1 of the Lair of Beasts
 16592 | Lair:1   | Noticed Joseph
 16607 | Lair:1   | Killed Joseph
 16933 | Lair:1   | Noticed a six-headed hydra
 16941 | Lair:1   | Killed a six-headed hydra
 17334 | Lair:1   | Reached XP level 13. HP: 112/112 MP: 20/20
 17916 | Lair:2   | Reached skill level 10 in Invocations
 17926 | Lair:2   | Learned a level 6 spell: Invisibility
 18099 | Lair:2   | Found a staircase to the Shoals.
 18137 | Lair:2   | Reached skill level 1 in Spellcasting
 18137 | Lair:2   | Reached skill level 1 in Hexes
 19119 | Lair:3   | Found a staircase to the Snake Pit.
 19570 | Lair:4   | Reached skill level 14 in Short Blades
 20185 | Lair:4   | Found an ancient bone altar of Kikubaaqudgha.
 20262 | Lair:4   | Reached skill level 5 in Hexes
 20370 | Lair:4   | Learned a level 5 spell: Irradiate
 20636 | Lair:5   | Reached skill level 10 in Stealth
 21101 | Lair:5   | Reached skill level 5 in Spellcasting
 21191 | Lair:5   | Found a runed translucent door.
 21194 | Lair:5   | Noticed caleiya's ghost (journeyman GrEE)
 21341 | Lair:6   | Entered Level 6 of the Lair of Beasts
 21369 | Lair:6   | Gained mutation: Your large and strong wings let you fly
                  | indefinitely. [Black Draconian growth]
 21369 | Lair:6   | Reached XP level 14. HP: 99/120 MP: 21/21
 21420 | Lair:6   | Noticed Urug
 21427 | Lair:6   | Killed Urug
 22431 | Lair:5   | Reached skill level 10 in Hexes
 22440 | Lair:5   | HP: 6/121 [poisoned by a cane toad]
 22445 | Lair:5   | HP: 4/121 [poisoned by a cane toad]
 22450 | Lair:5   | HP: 5/121 [poisoned by a cane toad]
 22455 | Lair:5   | HP: 5/121 [poisoned by a cane toad]
 22724 | Lair:6   | Found a runed translucent door.
 22724 | Lair:6   | Noticed an acid blob
 22725 | Lair:6   | Found a viscous altar of Jiyva.
 22725 | Lair:6   | Found a staircase to the Slime Pits.
 22725 | Lair:6   | Noticed an acid blob
 22725 | Lair:6   | Noticed an acid blob
 22984 | Lair:5   | Killed caleiya's ghost
 24298 | D:11     | Killed Jorgrun
 24641 | Orc:1    | Entered Level 1 of the Orcish Mines
 25328 | Orc:2    | Entered Level 2 of the Orcish Mines
 25338 | Orc:2    | Learned a level 6 spell: Statue Form
 25341 | Orc:2    | Learned a level 2 spell: Passwall
 25422 | Orc:2    | Noticed an orc warlord
 25423 | Orc:2    | Reached skill level 1 in Transmutations
 25430 | Orc:2    | Killed an orc warlord
 25430 | Orc:2    | Reached skill level 1 in Conjurations
 25430 | Orc:2    | Reached XP level 15. HP: 126/126 MP: 24/24
 25452 | Orc:2    | Found a staircase to the Elven Halls.
 25531 | Orc:2    | Found Vetaheh's General Store.
 25539 | Orc:2    | Found Ijubutunu's General Store.
 25758 | Orc:1    | Noticed an orc warlord
 25800 | Orc:1    | Killed an orc warlord
 26221 | Orc:2    | Found Codeklo's Jewellery Emporium.
 26332 | Orc:2    | Found Sibiv's Antique Weapon Shoppe.
 26530 | Orc:2    | Found Cuschifo's Assorted Antiques.
 26554 | Orc:2    | Found Wadeall's Gadget Boutique.
 26674 | Orc:2    | Found Fikailop's Assorted Antiques.
 26805 | Orc:2    | Found Jigufexe's Antique Armour Shop.
 26813 | Orc:2    | Bought a pair of glowing gloves for 255 gold pieces
 26850 | Orc:2    | Found a bloodstained altar of Trog.
 26955 | Orc:2    | Bought a murky puce potion for 23 gold pieces
 26955 | Orc:2    | Bought a scroll labeled JOIBLU AGIDUF for 26 gold pieces
 26955 | Orc:2    | Bought a wand of flame (12) for 26 gold pieces
 26955 | Orc:2    | Bought a scroll of fear for 91 gold pieces
 26991 | Orc:2    | Bought a box of beasts (3/3) for 360 gold pieces
 26991 | Orc:2    | Bought a condenser vane (2/2) for 360 gold pieces
 27199 | Orc:2    | Bought a shiny kite shield for 172 gold pieces
 28621 | D:14     | Found a gate to the Vaults.
 28640 | D:14     | Reached skill level 5 in Conjurations
 28640 | D:14     | Reached skill level 5 in Transmutations
 28713 | D:14     | Reached skill level 5 in Shields
 28974 | D:15     | Entered Level 15 of the Dungeon
 29440 | D:15     | Noticed Azrael
 29460 | D:15     | Killed Azrael
 29778 | D:15     | Found a staircase to the Depths.
 30007 | Lair:1   | Acquired 380 gold pieces
 30077 | Shoals:1 | Entered Level 1 of the Shoals
 30503 | Shoals:1 | Found Befy's Gadget Emporium.
 30519 | Shoals:1 | Reached XP level 16. HP: 133/134 MP: 26/26
 30679 | Shoals:1 | Bought a wand of flame (12) for 70 gold pieces
 30707 | Shoals:1 | Acquired 960 gold pieces
 30935 | Orc:2    | Bought the ring "Nifade" {rPois rN+++ Int+6 Stlth+} for
                  | 1402 gold pieces
 32151 | Orc:2    | Bought a scroll of enchant weapon for 127 gold pieces
 32198 | Orc:2    | Bought a scroll of enchant weapon for 172 gold pieces
 32983 | Shoals:3 | Noticed Ilsuiw
 32996 | Shoals:3 | Reached skill level 1 in Earth Magic
 32998 | Shoals:3 | Killed Ilsuiw
 33009 | Shoals:3 | Hit by a boomerang of dispersal thrown by a merfolk

Illustrated notes

Levels and vault maps discovered:
D:1:      lemuel_arrival_tunnels, layout_rooms, kennysheep_nondescript
D:2:      minmay_diamond_boxcup, layout_basic
D:3:      layout_loops_cross, overflow_temple_1_default
D:4:      layout_rooms, minmay_misc_feat_hallway, uniq_menkaure, uniq_pikel,
          uniq_eustachio
D:5:      layout_cave_pods, serial_shops, kennysheep_mini, st_stairs_4,
          uniq_sigmund, uniq_prince_ribbit1, uniq_blork_the_orc
D:6:      layout_loops_corners
D:7:      layout_basic, minmay_temple_entry_drinking_statues, fedhas_altar_4
D:8:      layout_loops_ring, enter_ossuary_1, uniq_erica, uniq_maggie,
          uniq_gastronok
D:9:      layout_basic, minmay_orc_entry_guard_dogs, serial_shops, shop
D:10:     layout_roguey, serial_shops, shop, enter_trove_5,
          muffindrake_ghost_dual_entry, grunt_ministairs_8, minmay_ruined_shrine
D:11:     layout_loops_ring, david_lair_generic
D:12:     layout_cave_pools, st_stairs_1, lemuel_freeze_loot_1, uniq_jorgrun
D:13:     layout_roguey
D:14:     layout_loops_ring, erik_vaults_2, kennysheep_nub
D:15:     grunt_enter_depths_snipers, layout_loops_corners, uniq_azrael
Temple:   minmay_crystal_snake_temple
Lair:1:   dpeg_oklob_gauntlet, layout_regular_city, cheibrodos_lair_lostbears,
          uniq_joseph
Lair:2:   layout_regular_city, minmay_shoals_entry_lonely_mermaid
Lair:3:   layout_cave_pods, minmay_snake_entry_guardpost_medium,
          chequers_serial_rivers_small_a, serial_bayou_shore_b
Lair:4:   layout_cave_pods, basic_altar, grunt_megastairs_2
Lair:5:   layout_roguey, ebering_ghost_inner_flame
Lair:6:   grunt_lair_end_beastmaster, layout_loops_ring, slime_altar_2,
          minmay_lair_oklob_chamber, serial_bayou_shore_a, uniq_urug
Shoals:1: layout_shoals, serial_shops, shop
Shoals:2: layout_shoals
Shoals:3: layout_shoals, serial_shops, shop, uniq_ilsuiw
Orc:1:    cheibrodos_orc_arena, layout_diamond_mine, nicolae_orc_lava_room
Orc:2:    grunt_orc_gardens, layout_caves, grunt_orc_garden, grunt_orc_garden,
          grunt_orc_garden, grunt_orc_garden, serial_shops,
          nicolae_shop_overgrown_old_shop, shop, shop, shop_fountains,
          bloody_trog

Skill      XL: |  1  2  3  4  5  6  7  8  9 10 11 12 13 14 15 16 |
---------------+-------------------------------------------------+-----
Fighting       | 3 4 5 6 7 8 9 10 | 10.2
Dodging        | 1 3 |  3.0
Stealth        | 4 5 7 8 10 | 10.2
Short Blades   | 3 5 8 10 11 12 13 14 | 14.0
Evocations     | 1 3 5 7 8 |  8.2
Invocations    | 2 6 8 9 10 | 10.2
Shields        | 4 5 6 |  6.2
Spellcasting   | 5 6 7 |  7.3
Hexes          | 6 11 12 | 12.1
Transmutations | 1 6 |  6.8
Conjurations   | 1 6 |  6.8
Earth Magic    | 1 |  1.1
Throwing       | |  1.7

Action                   |  1- 3 |  4- 6 |  7- 9 | 10-12 | 13-15 | 16-18 || total
-------------------------+-------+-------+-------+-------+-------+-------++-------
Melee: Dagger            |   140 |   170 |   302 |   113 |       |       ||   725
       Tailslap          |    11 |    25 |    56 |   146 |   242 |    12 ||   492
       Short sword       |       |    29 |       |       |       |       ||    29
       Long sword        |       |    12 |       |       |       |       ||    12
       Rapier            |       |       |    89 |   678 |   254 |       ||  1021
       Quick blade       |       |       |       |    52 |  1159 |   101 ||  1312
       Scimitar          |       |       |       |       |     4 |       ||     4
Throw: Dart              |    10 |    23 |    48 |    81 |    53 |       ||   215
       Stone             |    12 |    16 |     3 |       |       |       ||    31
       Javelin           |       |    10 |       |    43 |    18 |       ||    71
       Boomerang         |       |       |       |    98 |   153 |    49 ||   300
 Cast: Invisibility      |       |       |       |       |    18 |     2 ||    20
Invok: Line Pass         |       |       |       |    16 |     9 |       ||    25
       Stomp             |       |       |       |     2 |       |       ||     2
       Grand Finale      |       |       |       |       |     3 |       ||     3
 Abil: Breathe Lightning |       |       |     8 |     7 |    10 |       ||    25
Evoke: Wand              |       |       |       |    75 |    15 |       ||    90
       Tin of tremorston |       |       |       |     5 |    11 |     1 ||    17
       Phantom mirror    |       |       |       |       |     2 |       ||     2
       Condenser vane    |       |       |       |       |     2 |     2 ||     4
  Use: Scroll            |       |     7 |     8 |    13 |    20 |     5 ||    53
       Potion            |       |       |     1 |     1 |     6 |       ||     8
 Stab: Distracted        |     1 |       |     2 |     1 |       |       ||     4
       Sleeping          |       |    10 |     4 |     9 |    36 |     1 ||    60
       Paralysed         |       |       |     2 |    25 |    72 |     3 ||   102
       Confused          |       |       |       |     7 |     5 |       ||    12
       Invisible         |       |       |       |       |    60 |    11 ||    71
Armor: Skin              |    51 |    37 |    74 |   229 |   159 |    19 ||   569
Dodge: Dodged            |    80 |    79 |   182 |   392 |   333 |    33 ||  1099
Block: Buckler           |       |       |       |    30 |   116 |    20 ||   166
       Rpst.: Long sword |       |     2 |       |       |       |       ||     2
       Scimitar          |       |       |       |       |     1 |       ||     1

Table legend: (Time is in decaauts)
 A = Elapsed time spent in this place.
 B = Non-inter-level travel time spent in this place.
 C = Inter-level travel time spent in this place.
 D = Time resting spent in this place.
 E = Time spent auto-exploring this place.
 F = Levels seen in this place.
 G = Mean time per level.
                   A        B        C        D        E       F      G
               +--------+--------+--------+--------+--------+-----+--------+
         Total |  31720 |  28268 |   3452 |    988 |  19732 |  28 | 1132.9 |
       Dungeon |  18744 |  16880 |   1864 |    486 |  11750 |  15 | 1249.6 |
        Temple |    243 |    178 |     65 |      0 |    175 |   1 |  243.0 |
          Lair |   7786 |   7054 |    732 |    444 |   4962 |   6 | 1297.7 |
        Shoals |   1810 |   1640 |    170 |      0 |   1236 |   3 |  603.3 |
  Orcish Mines |   2813 |   2193 |    620 |      4 |   1510 |   2 | 1406.5 |
       Ossuary |    321 |    321 |      0 |     54 |     99 |   1 |  321.0 |
               +--------+--------+--------+--------+--------+-----+--------+

Top non-repeatable levels by time:
    D:11: 2024 daAuts
    D:10: 2019 daAuts
  Lair:6: 1805 daAuts
     D:5: 1558 daAuts
   Orc:2: 1547 daAuts
     D:3: 1471 daAuts
  Lair:5: 1442 daAuts
     D:2: 1399 daAuts
  Lair:1: 1367 daAuts
     D:6: 1289 daAuts
   Orc:1: 1266 daAuts
     D:7: 1176 daAuts
  Lair:3: 1171 daAuts
     D:4: 1167 daAuts
     D:1: 1113 daAuts
